 Dungeon Crawl Stone Soup version 0.29.1-12-g30fa7ad0bf (webtiles) character file.

Game seed: 6576440479667833812

1089 GigaChad the Chopper (level 8, 0/69 HPs)
             Began as a Minotaur Fighter on Dec 13, 2022.
             Was an Initiate of Ashenzari.
             Succumbed to a water moccasin's poison
             ... on level 6 of the Dungeon.
             The game lasted 00:11:14 (4454 turns).

GigaChad the Chopper (Minotaur Fighter)             Turns: 4454, Time: 00:11:15

Health: 0/69       AC: 16    Str: 23    XL:     8   Next: 9%
Magic:  7/7        EV: 22    Int:  5    God:    Ashenzari [......]
Gold:   196        SH:  6    Dex: 10    Spells: 7/7 levels left

rFire   . . .      SeeInvis .   a - +2 war axe (venom)
rCold   . . .      Faith    .   c - +1 buckler
rNeg    . . .      Spirit   .   f - +2 plate armour
rPois   .          Reflect  .   (helmet restricted)
rElec   .          Harm     .   g - +0 cloak of the Profound Cosmos {Bglg, Fort} (curse)
rCorr   .          Rampage  .   (no gloves)
Will    .....                   (no boots)
Stlth   ..........              v - amulet of the acrobat
HPRegen 0.21/turn               (no ring)
MPRegen 0.10/turn               (no ring)

@: lethally poisoned (0 -> -5), about to teleport, acrobatic, hasted, very quick
A: horns 2, retaliatory headbutt
a: Renounce Religion, Shatter the Chains


You were on level 6 of the Dungeon.
You worshipped Ashenzari.
Ashenzari was noncommittal.
You visited 1 branch of the dungeon, and saw 6 of its levels.

You collected 196 gold pieces.

Inventory:

Hand Weapons
 a - a +2 war axe of venom (weapon)
 e - a +0 great mace
Missiles
 j - 3 throwing nets
 u - 4 silver javelins (quivered)
Armour
 b - a +0 scale mail
 c - a +1 buckler (worn)
 f - a +2 plate armour (worn)
 g - the cursed +0 cloak of the Profound Cosmos (worn) {Bglg, Fort}
   (You found it on level 1 of the Dungeon)

   It has a curse which improves the following skills: Beguiling: Conjurations,
   Hexes and Translocations.
   Fortitude: Armour and Shields.
Jewellery
 r - a ring of fire
 v - an amulet of the acrobat (around neck)
Wands
 h - a wand of flame (9)
Scrolls
 k - a scroll of amnesia
 m - 3 scrolls of teleportation
 p - a scroll of immolation {unknown}
 q - a scroll of silence
 w - a scroll of identify
 x - a scroll of noise {unknown}
 y - a scroll of magic mapping {unknown}
Potions
 d - a potion of might
 i - a potion of brilliance {unknown}
 l - a potion of curing {unknown}
 n - a potion of attraction {unknown}
 o - a potion of haste
 s - 2 potions of flight {unknown}
 t - a potion of degeneration {unknown}


   Skills:
 * Level 5.4 Fighting
 + Level 7.9 Axes
 * Level 2.0 Throwing
 + Level 5.7(6.1) Armour
 * Level 2.8 Dodging
 * Level 5.4(5.8) Shields


You had 7 spell levels left.
You didn't know any spells.
Your spell library contained the following spells:

 Spells                   Type           Power      Damage    Failure   Level
 Sandblast                Erth           0%         2d4       100%        1
 Passwall                 Tmut/Erth      0%         N/A       100%        2
 Ignite Poison            Fire/Tmut/Pois 0%         N/A       100%        3
 Mephitic Cloud           Conj/Pois/Air  0%         N/A       100%        3
 Stone Arrow              Conj/Erth      0%         3d7       100%        3
 Freezing Cloud           Conj/Ice/Air   0%         6-21      100%        5


Dungeon Overview and Level Annotations

Branches:
Dungeon (6/15)
 Temple: D:4-7

Altars:
Ashenzari
Elyvilon
Fedhas
Makhleb
Zin

Shops:
D:1 =

Annotations:
D:3 2 transporters, CCrusader23's ghost, weakling HOFi


Innate Abilities, Weirdness & Mutations

You have a pair of horns on your head.
You reflexively headbutt those who attack you in melee.


Message History

The shadow imp barely misses you.
You closely miss the water moccasin.
The water moccasin is heavily wounded.
You hit the shadow imp.
You feel sick.
The water moccasin bites you but does no damage.
The jelly jiggles.
You block the shadow imp's attack. The water moccasin barely misses you.
You furiously retaliate!
You headbutt the water moccasin. You hit the water moccasin.
The water moccasin is almost dead.
You hit the shadow imp.
The shadow imp is poisoned.
You feel sick.
You are no longer poisoned.
The water moccasin bites you.
* * * LOW HITPOINT WARNING * * *
You are lethally poisoned!
The water moccasin poisons you! You block the shadow imp's attack.
It was a potion of haste.
You feel yourself speed up.
* * * LOW HITPOINT WARNING * * *
You feel very sick.
The water moccasin bites you but does no damage.
You block the shadow imp's attack. The water moccasin closely misses you.
You furiously retaliate!
You headbutt the water moccasin!
You kill the water moccasin!
Your Throwing skill increases to level 2!
You have reached level 8!
You feel stronger.
As you read the scroll of teleportation, it crumbles to dust.
You feel strangely unstable.
* * * LOW HITPOINT WARNING * * *
You feel sick.
The shadow imp hits you but does no damage.
* * * LOW HITPOINT WARNING * * *
You feel sick.
* * * LOW HITPOINT WARNING * * *
You feel sick.
* * * LOW HITPOINT WARNING * * *
You feel sick.
* * * LOW HITPOINT WARNING * * *
You feel sick.
You die...

### ... # #.# #
#.#.# . #.#@#
.# #...###<#
###.#.....##.
#............
....#..J.......
#####.#5######.
#.#5...###
#.#......# #
#.#.)..#


You could see a jelly (poisoned), a white imp and a shadow imp (very poisoned).

Vanquished Creatures
  Sigmund (D:3)
  Eustachio (D:5)
  A water moccasin (D:6)
  A sky beast (D:5)
  An ogre (D:4)
  A necrophage (D:4)
  2 scorpions (D:5)
  A howler monkey (D:4)
  2 hounds (D:5)
  An iguana (D:5)
  An orc wizard (D:3)
  Robin (D:3)
  8 adders
  4 worms
  A dart slug (D:1)
  11 orcs
  8 endoplasms
  2 giant cockroaches
  11 goblins
  8 hobgoblins
  4 jackals (D:2)
  6 kobolds
  2 quokkas
  8 ball pythons
  5 bats
  3 frilled lizards
  8 rats
103 creatures vanquished.

Notes
Turn   | Place    | Note
-------+----------+-------------------------------------------
     0 | D:1      | GigaChad the Minotaur Fighter began the quest for the Orb.
     0 | D:1      | Reached XP level 1. HP: 19/19 MP: 0/0
   377 | D:1      | Reached XP level 2. HP: 20/27 MP: 1/1
   493 | D:1      | Found Mescheth's Jewellery Emporium.
   587 | D:1      | Reached skill level 3 in Axes
   882 | D:1      | Reached XP level 3. HP: 33/33 MP: 2/2
  1132 | D:2      | Identified the +2 leather armour of Kaeveidu {rF+ Str+7}
  1552 | D:2      | Found a faded altar of an unknown god.
  2127 | D:3      | Reached XP level 4. HP: 28/40 MP: 3/3
  2135 | D:3      | Reached skill level 4 in Axes
  2314 | D:3      | Found a transporter.
  2319 | D:3      | Noticed CCrusader23's ghost (weakling HOFi)
  2320 | D:3      | Found a transporter.
  2376 | D:3      | Noticed Robin
  2399 | D:3      | Killed Robin
  2480 | D:3      | Reached XP level 5. HP: 46/46 MP: 4/4
  2517 | D:3      | Found a blossoming altar of Fedhas.
  2517 | D:3      | Noticed Sigmund
  2532 | D:3      | Killed Sigmund
  2533 | D:3      | Reached skill level 6 in Axes
  2533 | D:3      | Reached XP level 6. HP: 37/53 MP: 5/5
  2720 | D:3      | Reached skill level 5 in Armour
  3130 | D:4      | Reached skill level 1 in Dodging
  3247 | D:4      | Found a broken altar of Ashenzari.
  3248 | D:4      | Found a glowing silver altar of Zin.
  3248 | D:4      | Found a white marble altar of Elyvilon.
  3264 | D:4      | Became a worshipper of Ashenzari the Shackled
  3471 | D:4      | Found a burning altar of Makhleb.
  3586 | D:4      | Reached XP level 7. HP: 60/60 MP: 6/6
  3780 | D:5      | Entered Level 5 of the Dungeon
  3782 | D:5      | Noticed Eustachio
  3791 | D:5      | Killed Eustachio
  3792 | D:5      | Reached skill level 7 in Axes
  3792 | D:5      | Reached skill level 1 in Throwing
  3792 | D:5      | Reached skill level 5 in Shields
  3953 | D:5      | Reached skill level 5 in Fighting
  4449 | D:6      | Reached XP level 8. HP: 7/69 MP: 7/7
  4451 | D:6      | HP: 3/69 [poisoned by a water moccasin]
  4453 | D:6      | HP: 1/69 [poisoned by a water moccasin]
  4454 | D:6      | Succumbed to a water moccasin's poison

Illustrated notes

Levels and vault maps discovered:
D:1:      elethiomel_arrival_infinity_welcomes_careful_drivers, layout_basic,
          serial_shops, nicolae_shop_waterfront, nicolae_wormholes
D:2:      layout_loops_corners, basic_ecumenical_altar
D:3:      layout_basic, old_standard_altar, gammafunk_ghost_mausoleum,
          uniq_robin, uniq_sigmund
D:4:      layout_loops_ring, mainiacjoe_overflow_small_starburst,
          gammafunk_temple_overflow_claw
D:5:      layout_cave_pools, dk_rats_in_the_wall, uniq_eustachio
D:6:      layout_loops_ring, minmay_temple_entry_fiery

Skill      XL: |  1  2  3  4  5  6  7 |
---------------+----------------------+-----
Armour         | 4 5 |  5.7
Axes           | 3 4 6 7 |  7.9
Fighting       | 4 5 |  5.4
Shields        | 4 5 |  5.4
Dodging        | 1 2 |  2.8
Throwing       | 2 |  2.0

Action                   |  1- 3 |  4- 6 |  7- 9 || total
-------------------------+-------+-------+-------++-------
Melee: War axe           |    99 |    74 |    35 ||   208
       Headbutt          |     8 |    11 |     6 ||    25
Throw: Javelin           |       |     3 |     4 ||     7
Invok: Curse Item        |       |       |     1 ||     1
  Use: Scroll            |     6 |     5 |     1 ||    12
       Potion            |       |       |     1 ||     1
Armor: Plate armour      |   108 |    39 |    33 ||   180
Dodge: Dodged            |    57 |    13 |    30 ||   100
Block: Buckler           |    20 |    21 |    19 ||    60
